 Dungeon Crawl Stone Soup version 0.32-a0-131-g9dbbe29261 (webtiles) character file.

Game seed: 18081785806061799712

1381679 ragingrage the Slayer (level 26, 320/352 HPs)
             Began as an Oni Wanderer on Feb 8, 2024.
             Was a High Priest of Nemelex Xobeh.
             Escaped with the Orb
             ... and 3 runes on Feb 9, 2024!
             The game lasted 03:31:37 (100329 turns).

ragingrage the Slayer (Oni Wanderer)              Turns: 100329, Time: 03:31:37

Health: 320/352    AC: 30    Str: 21    XL:     26   Next: 64%
Magic:  33/41      EV: 16    Int: 31    God:    Nemelex Xobeh [*****.]
Gold:   3674       SH: 19    Dex: 10    Spells: 1/54 levels left

rFire   + . .        d - staff of Jeitiho {rC+ SInv Ice}
rCold   + + .        R - +1 tower shield "Bolo Siawk" {Int+4}
rNeg    + + .        M - melded +0 acid dragon scales
rPois   ∞            f - -2 hat of the Alchemist {rElec rPois rF+ rC+ rN+ Will+ rMut rCorr}
rElec   +            g - +4 dragonskin cloak
rCorr   +            (gloves unavailable)
SInv    +            (boots unavailable)
Will    +++..        J - amulet of magic regeneration
Stlth   +            L - +5 ring of evasion
HPRegen 0.78/turn    i - +6 ring of intelligence
MPRegen 0.67/turn

%: resist mutation
@: statue-form, studying 2 skills, very slow
A: slow and powerful, torment resistance 1, boosted hp, large, unfitting armour,
horns 1, (tough skin 1), double potion healing, drunken brawling, deformed body,
frail 1
0: Orb of Zot
}: 3/15 runes: barnacled, slimy, gossamer
a: Begin Untransformation, Renounce Religion, Draw Escape, Draw Destruction,
Draw Summoning, Draw Stack, Triple Draw, Deal Four, Stack Five


You escaped.
You worshipped Nemelex Xobeh.
Nemelex Xobeh was extremely pleased with you.
You were a living statue of rough stone.
You visited 11 branches of the dungeon, and saw 52 of its levels.
You visited 1 bazaar.
You also visited: Ice Cave and Wizlab.

You collected 7839 gold pieces.
You spent 4165 gold pieces at shops.

Inventory:

Hand Weapons
 b - a +2 demon trident of venom
Missiles
 v - 5 throwing nets
 H - 15 curare-tipped darts
Armour
 f - the -2 hat of the Alchemist (worn) {rElec rPois rF+ rC+ rN+ Will+ rMut rCorr}
   (You bought it in a shop in a bazaar)

   rF+:       It protects you from fire.
   rC+:       It protects you from cold.
   rElec:     It insulates you from electricity.
   rPois:     It protects you from poison rN+: It protects you from negative
   energy.
   Will+:     It increases your willpower.
   rCorr:     It protects you from acid and corrosion.
   rMut:      It protects you from mutation.
 g - the +4 dragonskin cloak (worn)
   (You found it on level 4 of the Realm of Zot)

   Avatar's Aegis: It grants the wearer a chance to resist fire, cold, poison,
   electricity, acid, and negative energy.
 M - +0 acid dragon scales (melded)
 R - the +1 tower shield "Bolo Siawk" (worn) {Int+4}
   (You found it in a wizard's laboratory)

   Int+4:     It affects your intelligence (+4).
 Y - the +1 hat of Indecent Exposure {+Blink rC+ rN+ Dex+5}
   (You acquired it on level 5 of the Pits of Slime)

   Dex+5:     It affects your dexterity (+5).
   rC+:       It protects you from cold.
   rN+:       It protects you from negative energy.
   +Blink:    It lets you blink.
Magical Staves
 a - the staff of True Grit {rPois MP+9 Int+4 Alchemy}
   (You took it off a deep elf annihilator on level 3 of the Elven Halls)

   [staff of alchemy]

   Base accuracy: +5 Base damage: 5 Base attack delay: 1.2 This weapon's minimum
   attack delay (0.6) is reached at skill level 12.
   Int+4:     It affects your intelligence (+4).
   rPois:     It protects you from poison MP+9: It affects your magic capacity
   (+9).
   Alchemy:   It increases the power of your Alchemy spells.
   It falls into the 'Staves' category.
   It is a one-handed weapon.
 d - the staff of Jeitiho (weapon) {rC+ SInv Ice}
   (You found it on level 5 of the Pits of Slime)

   [staff of cold]

   Base accuracy: +5 Base damage: 5 Base attack delay: 1.2 This weapon's minimum
   attack delay (0.6) is reached at skill level 12.
   rC+:       It protects you from cold.
   SInv:      It lets you see invisible.
   Ice:       It increases the power of your Ice spells.
   It falls into the 'Staves' category.
   It is a one-handed weapon.
Jewellery
 i - a +6 ring of intelligence (right fist)
 y - a +4 ring of protection
 J - an amulet of magic regeneration (around neck)
 L - a +5 ring of evasion (left fist)
Talismans
 A - a granite talisman (active)
Wands
 q - a wand of digging (12)
 D - a wand of light (15)
 O - a wand of charming (19)
 P - a wand of roots (34)
 W - a wand of flame (85)
Scrolls
 e - 24 scrolls of teleportation
 l - 14 scrolls of vulnerability
 n - 10 scrolls of fear
 o - 7 scrolls of fog
 r - 12 scrolls of poison
 s - 4 scrolls of revelation
 u - 5 scrolls of silence
 w - 2 scrolls of amnesia
 z - 4 scrolls of butterflies
 B - 7 scrolls of noise
 I - 7 scrolls of immolation
 S - 11 scrolls of enchant armour
 Z - 6 scrolls of blinking
Potions
 c - 4 potions of ambrosia
 j - 11 potions of haste
 k - 3 potions of lignification
 m - 10 potions of might
 p - 7 potions of enlightenment
 t - 11 potions of heal wounds
 x - 4 potions of invisibility
 C - 8 potions of curing
 E - 8 potions of mutation
 F - 5 potions of brilliance
 G - 3 potions of resistance
 K - 3 potions of cancellation
 T - 4 potions of berserk rage
 U - 7 potions of magic
Miscellaneous
 h - a phantom mirror
 N - a lightning rod (4/4)
 Q - a box of beasts
 V - a tin of tremorstones (2/2)
 X - a phial of floods


   Skills:
 + Level 24.5 Fighting
 - Level 2.2 Short Blades
 - Level 1.0 Throwing
 - Level 6.4 Armour
 - Level 10.4 Dodging
 - Level 3.0 Stealth
 - Level 16.0 Shields
 - Level 14.5 Spellcasting
 - Level 5.0 Hexes
 - Level 20.0 Summonings
 - Level 12.4 Necromancy
 - Level 9.0 Translocations
 - Level 8.0 Fire Magic
 - Level 4.0 Air Magic
 - Level 6.0 Earth Magic
 - Level 14.0 Invocations
 - Level 5.5 Evocations
 - Level 16.0 Shapeshifting


You had one spell level left.
You knew the following spells:

 Your Spells              Type           Power      Damage    Failure   Level
a - Death Channel         Necr           39%        N/A       4%          6
b - Summon Horrible Thin  Summ           49%        N/A       9%          8
c - Summon Mana Viper     Hex/Summ       79%        N/A       1%          5
d - Summon Forest         Summ/Tloc      42%        N/A       1%          5
e - Summon Small Mammal   Summ           100%       N/A       0%          1
f - Haunt                 Necr/Summ      44%        N/A       5%          7
g - Malign Gateway        Summ/Tloc      42%        N/A       11%         7
h - Borgnjor's Vile Clut  Necr/Erth      34%        N/A       3%          5
j - Blink                 Tloc           100%       N/A       1%          2
k - Summon Hydra          Summ           49%        N/A       1%          7

Your spell library contained the following spells:

 Spells                   Type           Power      Damage    Failure   Level
 Apportation              Tloc           100%       N/A       1%          1
 Necrotise                Necr           100%       1d9       1%          1
 Slow                     Hex            100%       N/A       1%          1
 Freeze                   Ice            100%       1d10      4%          1
 Magic Dart               Conj           88%        1d7       4%          1
 Sting                    Conj/Alch      88%        1d8       4%          1
 Call Imp                 Summ           100%       N/A       0%          2
 Call Canine Familiar     Summ           98%        N/A       0%          3
 Cigotuvi's Dreadful Rot  Necr/Alch/Air  100%       N/A       1%          2
 Lesser Beckoning         Tloc           100%       N/A       1%          2
 Momentum Strike          Conj/Tloc      100%       3d10      1%          2
 Scorch                   Fire           100%       2d9       1%          2
 Confusing Touch          Hex            52%        N/A       1%          3
 Fugue of the Fallen      Necr           79%        N/A       1%          3
 Gell's Gravitas          Tloc           67%        N/A       1%          3
 Passwall                 Erth           56%        N/A       1%          3
 Sigil of Binding         Hex            52%        N/A       1%          3
 Teleport Other           Tloc           67%        N/A       1%          3
 Tukima's Dance           Hex            52%        N/A       1%          3
 Vampiric Draining        Necr           79%        2d11      1%          3
 Volatile Blastmotes      Fire/Tloc      100%       2d18      1%          3
 Anguish                  Hex/Necr       33%        N/A       1%          4
 Animate Dead             Necr           79%        N/A       1%          4
 Dispel Undead            Necr           79%        3d26      1%          4
 Manifold Assault         Tloc           67%        N/A       1%          4
 Martyr's Knell           Necr/Summ      89%        N/A       1%          4
 Passage of Golubria      Tloc           67%        N/A       1%          4
 Summon Blazeheart Golem  Fire/Summ      83%        N/A       1%          4
 Summon Lightning Spire   Summ/Air       77%        N/A       1%          4
 Curse of Agony           Necr           79%        N/A       1%          5
 Summon Cactus Giant      Summ           49%        N/A       1%          6
 Monstrous Menagerie      Summ           49%        N/A       1%          7
 Ensorcelled Hibernation  Hex/Ice        100%       N/A       2%          2
 Dimensional Bullseye     Hex/Tloc       30%        N/A       2%          4
 Static Discharge         Conj/Air       68%        3-6/arc   3%          2
 Swiftness                Air            47%        N/A       3%          3
 Iskenderun's Mystic Bla  Conj/Tloc      50%        2d11      8%          4
 Airstrike                Air            23%        2d(4-20)  10%         4
 Ignite Poison            Fire/Alch      47%        N/A       10%         4
 Lee's Rapid Deconstruct  Erth           28%        3d15*     12%         5
 Leda's Liquefaction      Alch/Erth      20%        N/A       14%         4
 Petrify                  Alch/Erth      41%        N/A       14%         4
 Frozen Ramparts          Ice            66%        1d10      16%         3
 Hailstorm                Conj/Ice       33%        3d8       16%         3
 Dispersal                Tloc           33%        N/A       19%         6
 Silence                  Hex/Air        25%        N/A       22%         5
 Fulminant Prism          Conj/Alch      11%        3d8       45%         4
 Olgreb's Toxic Radiance  Alch           22%        N/A       45%         4
 Metabolic Englaciation   Hex/Ice        27%        N/A       45%         5
 Yara's Violent Unravell  Hex/Alch       18%        3d9       45%         5
 Spellforged Servitor     Conj/Summ      35%        N/A       56%         7
 Freezing Cloud           Conj/Ice/Air   23%        6-21      63%         5
 Alistair's Intoxication  Alch           14%        N/A       80%         5
 Irradiate                Conj/Alch      11%        3d15      80%         5
 Borgnjor's Revivificati  Necr           39%        N/A       90%         8
 Bombard                  Conj/Erth      20%        9d4       92%         6
 Conjure Ball Lightning   Conj/Air       17%        3x3d6     98%         6
 Eringya's Noxious Bog    Alch           11%        4d6       100%        6
 Sculpt Simulacrum        Ice/Alch       16%        N/A       100%        6
 Ozocubu's Refrigeration  Ice            16%        4d11      100%        7
 Discord                  Hex            26%        N/A       100%        8
 Disjunction              Tloc           33%        N/A       100%        8
 Lehudib's Crystal Spear  Conj/Erth      20%        10d6      100%        8
 Death's Door             Necr           39%        N/A       100%        9
 Sublimation of Blood     Necr           Unusable   N/A       N/A         2

Dungeon Overview and Level Annotations

Branches:
Dungeon (15/15)            Temple (1/1) D:5            Lair (5/5) D:10
 Shoals (4/4) Lair:3       Spider (4/4) Lair:2        Slime (5/5) Lair:4
    Orc (2/2) D:10            Elf (3/3) Orc:2        Vaults (4/5) D:14
  Crypt (0/3) Vaults:3     Depths (4/4) D:15            Zot (5/5) Depths:4
  IceCv (visited)          WizLab (visited)

Altars:
Ashenzari
Cheibriados
Dithmenos
Elyvilon
Fedhas
Gozag
Hepliaklqana
Kikubaaqudgha
Makhleb
Nemelex Xobeh
Okawaru
Qazlal
Ru
Sif Muna
Trog
Uskayaw
Vehumet
Wu Jian
Xom
Yredelemnul
Zin
The Shining One

Shops:
D:4 *   D:6 ??   D:8 :   D:13 :   D:14 (   Orc:2 !**   Elf:3 =   Shoals:4 [
Vaults:2 :[   Depths:2 [[(*=

Portals:
Hell: Depths:1 Depths:2 Depths:3 Depths:4
Abyss: Depths:3 Depths:4
Ziggurat: Depths:2

Annotations:
Lair:5 exclusion: obsidian statue
Spider:2 exclusion: spark wasp
Elf:2 3 runed translucent doors
Vaults:1 2 runed translucent doors, cforsyth's ghost, adept DjWr; drugrobin's ghost, adept DgDe
Vaults:3 6 runed translucent doors


Innate Abilities, Weirdness & Mutations

You are a living statue of rough stone.
Your actions are slow, but your melee attacks are powerful.
You are resistant to unholy torment.
Your maximum health is greatly increased.
Your equipment is partially melded.
You are too large for most types of armour.
You are immune to poison.
You have a pair of small horns on your head.
((You have tough skin. (AC +1)))
You gain doubled healing and magic from potions.
Whenever you drink a healing potion, you attack all around you.
Armour fits poorly on your strangely shaped body.
You are frail. (-10% HP)


Message History

The Orb Guardian hits you but does no damage.
You block the Orb Guardian's attack.
Your six-headed hydra bites the Orb Guardian but does no damage.
Your six-headed hydra closely misses the Orb Guardian.
Your six-headed hydra bites the Orb Guardian!
Your six-headed hydra barely misses the Orb Guardian.
Your six-headed hydra bites the Orb Guardian but does no damage.
Your six-headed hydra completely misses the Orb Guardian.
The Orb Guardian barely misses you.
Your four-headed hydra misses the Orb Guardian.
Your four-headed hydra closely misses the Orb Guardian.
Your four-headed hydra bites the Orb Guardian.
Your four-headed hydra barely misses the Orb Guardian.
The Orb Guardian attacks as it pursues you!
You block the Orb Guardian's attack. x2
Casting: Summon Hydra (mildly dangerous; 1% risk of failure)
Press: ? - help, Q - select action, (/) - cycle Dir - look around, f - activate An eight-headed hydra appears.
Your six-headed hydra disappears in a puff of smoke!
Your four-headed hydra disappears in a puff of smoke!
You block the Orb Guardian's attack. The Orb Guardian hits you!!
The Orb Guardian attacks as it pursues you!
The Orb Guardian hits you. x2
The Orb Guardian attacks as it pursues you!
The Orb Guardian hits you.
Your eight-headed hydra bites the Orb Guardian but does no damage.
Your eight-headed hydra closely misses the Orb Guardian.
Your eight-headed hydra bites the Orb Guardian.
Your eight-headed hydra bites the Orb Guardian but does no damage. x2
Your eight-headed hydra bites the Orb Guardian!
Your eight-headed hydra barely misses the Orb Guardian.
Your eight-headed hydra bites the Orb Guardian but does no damage.
The Orb Guardian hits your eight-headed hydra!!
Your eight-headed hydra bites the Orb Guardian but does no damage.
Your eight-headed hydra bites the Orb Guardian! x3
Your eight-headed hydra bites the Orb Guardian but does no damage. x2
Your eight-headed hydra bites the Orb Guardian!
The Orb Guardian dies!
There is a staircase leading out of the dungeon here.
You have escaped!

#.# #...#.....#.####
########.####.#.#.###.#.#..#
#.........#...#...# #.#.##.# #
#.######.##.####..###.#.##.# #
####.# #.##...#.#.....#.##.# #
.....# #.####.#.###.###.##.# #
###..# #.####...#...#...##.# #
#..# #.##.##..#'###.####.# #
#..# #.##.#ID.#.#...# #.###
#..# #.##.#.###.#.######.#..
#..######.##.###...#.#...##.#.#
#
#..........#.###.###.#.#.##.#.#
#
#.........##.....#.....#....#.#
#
#.#.#####.####.###.#######..#.#
# #.#.# #.####.###.# ###.#.#
###.#.# #.##.#.##..# #.#.#.#
.##.#.# #....#.##.## #.#.#.#


You could see a friendly eight-headed hydra (summoned).

Vanquished Creatures
  the Royal Jelly (Slime:5)
  A dread lich (Zot:5)
  A Killer Klown (Zot:5)
  A profane servitor (D:14)
  A tentacled monstrosity (Zot:2)
  A deep elf master archer (Elf:3)
  8 acid blobs (Slime:5)
  3 azure jellies (Slime:5)
  A draconian monk (Zot:2)
  2 draconian knights
  A vault warden (Vaults:2)
  2 ghost moths
  A draconian stormcaller (Zot:1)
  2 draconian annihilators (Depths:4)
  3 quicksilver oozes (Slime:5)
  2 deep elf annihilators (Elf:3)
  A deep elf death mage (Elf:3)
  A dire elephant (Zot:2)
  4 purple draconians
  2 red draconians
  A merfolk javelineer (Shoals:3)
  An ettin (Zot:1)
  2 deep elf high priests (Elf:3)
  A great orb of eyes (Vaults:4)
  A hydra (Lair:3)
  An ironbound frostheart (IceCv)
  A jorogumo (Spider:1)
  A boulder beetle (Lair:5)
  An alligator (shapeshifter) (Zot:4)
  A satyr (Shoals:3)
  4 death yaks (IceCv)
  2 two-headed ogres (D:12)
  A spriggan berserker (Depths:4)
  An orb spider (Spider:4)
  A glowing orange brain (Depths:4)
  A shadow demon (D:8)
  A sun moth (Shoals:4)
  A swamp dragon (D:10)
  3 deep elf pyromancers
  A lindwurm (Lair:1)
  A deep elf zephyrmancer (Elf:2)
  3 harpies (Lair:3)
  3 cyclopes
  4 wolf spiders
  A manticore (Shoals:1)
  2 ugly things
  3 moths of wrath (Zot:2)
  2 meliai
  An ice statue (IceCv)
  A merfolk siren (Shoals:3)
  7 elephants (Lair:2)
  A gargoyle (D:12)
  2 cane toads
  A tengu conjurer (D:14)
  2 komodo dragons (D:12)
  5 yaktaurs
  A queen bee (Shoals:3)
  A merfolk (Shoals:4)
  2 hornets (D:8)
  5 polar bears
  A snapping turtle (Shoals:4)
  3 blink frogs
  3 tarantellas (Lair:2)
  A dream sheep (Lair:3)
  13 slime creatures
  2 jumping spiders (Lair:2)
  Sigmund (D:6)
  A culicivora (Spider:4)
  A vampire (D:10)
  A water elemental (Depths:3)
  21 yaks
  A wraith (D:12)
  A fire elemental (Elf:3)
  5 vampire mosquitoes
  A golden eye (D:12)
  3 redbacks
  An acid dragon (D:12)
  A swamp worm (Zot:2)
  An orc warrior (D:9)
  A black bear (D:9)
  An ice beast (D:7)
  An ogre (Orc:1)
  A crocodile (Shoals:3)
  10 wolves
  3 boggarts (Vaults:3)
  A centaur (D:6)
  9 nameless horrors
  2 kobold brigands
  4 bullfrogs
  2 scorpions
  5 wights
  5 howler monkeys
  A crimson imp (D:15)
  An orc priest (D:4)
  A gnoll bouda (D:6)
  A hound (D:4)
  An iguana (D:7)
  A sleepcap (D:5)
  2 orc wizards
  3 adders
  5 gnolls
  2 white imps
  A ribbon worm (D:3)
  3 dart slugs
  17 orcs
  5 ball pythons
  2 bats (D:1)
  11 endoplasms
  6 giant cockroaches
  3 goblins
  6 hobgoblins
  5 quokkas
  5 frilled lizards
  7 kobolds
  6 rats
  A snaplasher vine (Vaults:2)
317 creatures vanquished.

Vanquished Creatures (collateral kills)
  A dread lich (Zot:5)
  An ancient lich (Zot:5)
  4 orbs of fire (Zot:5)
  Boris (twice) (Vaults:4 Depths:2)
  Josephina (Depths:2)
  7 Killer Klowns (Zot:5)
  2 antique champions (WizLab)
  5 golden dragons
  2 Tzitzimimeh
  4 electric golems
  A bone dragon (Depths:1)
  A Brimstone Fiend (D:11)
  An Ice Fiend (Zot:1)
  A Hell Sentinel (D:14)
  9 tentacled monstrosities
  29 Orb Guardians
  2 liches (WizLab)
  The ghost of Qeunemit the Warrior, an adept GrFi of Okawaru (Vaults:3)
  Asterion (Vaults:3)
  A titan (Vaults:2)
  2 deep elf blademasters (Elf:3)
  7 sphinxes
  6 quicksilver dragons
  19 acid blobs
  8 death cobs
  2 ancient champions
  3 tengu reavers
  5 shadow dragons
  A storm dragon (Zot:1)
  An azure jelly (Slime:4)
  A daeva (Zot:4)
  9 protean progenitors
  8 rockslimes
  3 fire giants
  5 draconian knights
  5 frost giants
  6 draconian monks
  3 iron dragons
  2 deep elf elementalists
  10 vault wardens
  4 deep elf sorcerers (Elf:3)
  5 draconian scorchers
  An emperor scorpion (Spider:4)
  3 draconian stormcallers
  5 draconian shifters
  A juggernaut zombie (WizLab)
  5 ghost moths
  A ghoul (WizLab)
  6 draconian annihilators
  12 very ugly things
  2 orc warlords (Vaults:4)
  17 ironbound preservers
  6 ironbound thunderhulks
  2 grey draconians (Depths:4)
  4 vampire knights
  2 quicksilver oozes (Slime:5)
  5 stone giants
  6 formless jellyfish
  The ghost of Tacw the Black Belt, a journeyman MeSh of Nemelex Xobeh (Lair:3)
  8 green draconians
  7 black draconians
  2 deep elf death magi (Elf:3)
  A war gargoyle (Vaults:4)
  18 yellow draconians
  8 red draconians
  13 dire elephants
  A lorocyproca (D:15)
  A bunyip (Depths:4)
  8 deep elf annihilators (Elf:3)
  6 purple draconians
  10 white draconians
  3 deep elf demonologists (Elf:3)
  13 spark wasps
  10 ettins
  10 merfolk impalers
  6 merfolk javelineers
  2 jiangshi (WizLab)
  7 deep elf high priests
  5 fire dragons
  11 great orbs of eyes
  7 vault guards
  4 entropy weavers
  8 yaktaur captains
  6 ice dragons
  Fannar (D:12)
  A hell beast (Depths:1)
  4 hydras
  A catoblepas (Zot:1)
  3 alligator snapping turtles
  4 alligators
  3 rakshasas
  An ogre mage (Orc:1)
  A sphinx zombie (Depths:3)
  12 centaur warriors
  2 merfolk avatars
  A death knight (D:14)
  8 boulder beetles
  The ghost of AutarchDCSS the Destroyer, a journeyman GrCj of Vehumet (D:11)
  10 dancing weapons
  7 jorogumos
  12 ironbound frosthearts
  A two-headed ogre (Orc:1)
  2 spriggan air magi
  3 satyrs (Shoals:4)
  3 merfolk aquamancers
  2 radroaches
  7 tengu warriors
  A hell hog (Depths:1)
  3 deep troll shamans
  An occultist (Depths:2)
  6 orc high priests
  4 death yaks
  6 demonic crawlers
  2 vampire magi
  A titan zombie (Vaults:2)
  4 deep troll earth magi
  2 hell knights (Depths:3)
  6 spriggan berserkers
  17 deep elf knights
  A storm dragon zombie (WizLab)
  2 sun demons
  4 skysharks
  A spectral death yak (Lair:5)
  15 skeletal warriors
  5 iron trolls
  A sixfirhy (D:11)
  3 sea snakes
  2 pharaoh ants
  2 golden dragon zombies
  A sea snake (shapeshifter) (Depths:4)
  48 deep trolls
  6 goliath frogs
  8 orb spiders
  2 shadow demons
  4 sun moths
  3 arcanists
  3 glowing orange brains
  A mana viper (shapeshifter) (Elf:1)
  2 lindwurms (shapeshifter)
  A steelbarb worm (Spider:2)
  6 deep elf archers
  3 swamp dragons (Depths:4)
  2 orb spiders (shapeshifter)
  A phantasmal warrior (WizLab)
  16 ironbound convokers
  10 orc knights
  8 lindwurms
  A spectral anaconda (Lair:5)
  22 deep elf pyromancers
  4 oklob plants (Zot:2)
  A harpy (shapeshifter) (Elf:1)
  19 harpies
  8 necromancers
  36 ugly things
  20 wolf spiders
  31 deep elf zephyrmancers
  19 manticores
  2 orc sorcerers
  13 fauns
  2 stone giant zombies (WizLab)
  A shining eye (Slime:5)
  8 cyclopes
  3 merfolk sirens
  A salamander (Depths:2)
  A manticore (shapeshifter) (Elf:1)
  3 spectral centaurs (D:11)
  An elephant (shapeshifter) (Depths:2)
  21 moths of wrath
  7 water nymphs
  A black mamba (shapeshifter) (Elf:1)
  A guardian serpent (shapeshifter) (Elf:1)
  3 kobold blastminers
  12 meliai
  11 elephants
  2 stone giant skeletons
  5 torpor snails
  A frost giant skeleton (Depths:3)
  Joseph (D:9)
  15 cane toads
  A torpor snail (shapeshifter) (Shoals:3)
  18 vault sentinels
  3 gargoyles (Depths:2)
  An orange demon (D:8)
  5 black mambas
  2 eyes of devastation
  2 komodo dragons
  An unseen horror (D:12)
  A freezing wraith (D:14)
  6 rime drakes
  20 yaktaurs
  A yaktaur (shapeshifter) (Elf:1)
  A tormentor (Depths:1)
  An ice devil (D:15)
  2 tengu conjurers (D:14)
  2 red devils
  A yaktaur skeleton (Vaults:4)
  A golden dragon simulacrum (Depths:2)
  2 burning bushes (Lair:5)
  4 trolls
  5 wind drakes
  27 merfolk
  A shadow dragon simulacrum (Depths:2)
  29 tarantellas
  8 polar bears
  29 blink frogs
  2 glass eyes (Slime:5)
  A spectral elephant (Lair:5)
  A spectral meliai (D:11)
  15 dream sheep
  A dream sheep (shapeshifter) (Elf:1)
  20 jumping spiders
  2 raiju
  6 snapping turtles
  A stone giant simulacrum (Depths:2)
  70 slime creatures
  A human simulacrum (Vaults:4)
  12 culicivoras
  A shadow (D:11)
  A shapeshifter (Shoals:3)
  9 water elementals
  A spriggan (shapeshifter) (Elf:2)
  7 vampires
  A ynoxinul (Depths:1)
  2 air elementals
  4 fire elementals
  12 wyverns
  28 yaks
  2 wraiths
  3 fire bats (Depths:2)
  A hog (Shoals:3)
  4 basilisks
  8 wargs (Orc:2)
  42 redbacks
  3 steam dragons
  13 golden eyes
  A redback (shapeshifter) (Depths:3)
  2 death yak simulacra (Lair:5)
  9 vampire mosquitoes
  A swamp worm (Shoals:3)
  A deep troll zombie (WizLab)
  A two-headed ogre zombie (WizLab)
  A glowing shapeshifter zombie (Vaults:4)
  A swamp worm (shapeshifter) (Elf:1)
  15 water moccasins
  An acid dragon (D:11)
  A hydra simulacrum (Lair:3)
  A deep troll skeleton (WizLab)
  Duvessa (D:7)
  A black bear (D:10)
  An elephant zombie (Lair:5)
  A human skeleton (Depths:1)
  3 ice beasts
  26 orc warriors
  An elf simulacrum (Vaults:2)
  A human zombie (Vaults:2)
  A black mamba simulacrum (Lair:3)
  8 ogres
  2 centaurs
  30 wolves
  A tengu (Shoals:3)
  7 bullfrogs
  4 earth elementals
  A kobold brigand (D:9)
  A scorpion (D:4)
  A two-headed ogre simulacrum (WizLab)
  2 glowing shapeshifter simulacra
  3 cane toad simulacra
  2 gnoll sergeants
  22 wights
  A cyclops skeleton (WizLab)
  Dowan (D:7)
  A blink frog simulacrum (Lair:3)
  A dream sheep simulacrum (Lair:3)
  4 killer bees
  An elephant simulacrum (Lair:5)
  16 nameless horrors
  7 howler monkeys
  2 bombardier beetles (D:5)
  3 crimson imps (D:15)
  A komodo dragon simulacrum (Lair:3)
  2 hounds
  18 orc priests
  20 jellies
  A cyclops simulacrum (WizLab)
  3 iguanas
  11 orc wizards
  A sleepcap (D:4)
  10 hell rats
  A statue (D:9)
  13 gnolls
  An adder (D:6)
  A shadow imp (D:7)
  16 white imps
  A ribbon worm (Spider:4)
  71 orcs
  2 goblins (D:1)
  3 hobgoblins
  A ball python (D:4)
  18 kobolds
  2 aspiring fleshes (Zot:2)
1862 creatures vanquished.

Vanquished Creatures (others)
  11 eldritch tentacles
  A ghost moth (Zot:2)
  A deep elf elementalist (Elf:3)
  A deep elf annihilator (Elf:3)
  A black draconian (Zot:2)
  A white draconian (Zot:2)
  A merfolk aquamancer (Shoals:4)
  An occultist (Depths:1)
  A deep elf knight (Elf:1)
  An ironbound convoker (Vaults:2)
  A moth of wrath (Zot:3)
  A vault sentinel (Vaults:3)
  2 nameless horrors (Depths:4)
  79 blazeheart cores
  50 snaplasher vines
153 creatures vanquished.

Grand Total: 2332 creatures vanquished

Notes
Turn   | Place    | Note
-------+----------+-------------------------------------------
     0 | D:1      | ragingrage the Oni Wanderer began the quest for the Orb.
     0 | D:1      | ragingrage set off with the following items: a +0 club, a
                  | +0 cloak, a scroll of blinking, a +0 robe, a potion of
                  | attraction; and the following spell memorised: Summon Small
                  | Mammal; and the following spells available to memorise:
                  | Martyr's Knell, Summon Lightning Spire.
     0 | D:1      | Reached XP level 1. HP: 22/22 MP: 2/2
   268 | D:1      | Reached skill level 3 in Fighting
   268 | D:1      | Reached XP level 2. HP: 30/31 MP: 0/3
   398 | D:1      | Reached XP level 3. HP: 37/37 MP: 4/4
   656 | D:1      | Reached skill level 1 in Short Blades
  1308 | D:2      | Reached XP level 4. HP: 39/45 MP: 3/5
  1339 | D:2      | Learned a level 4 spell: Summon Lightning Spire
  1683 | D:3      | Found a hide-covered altar of Uskayaw.
  2209 | D:3      | Found a shimmering altar of Xom.
  2567 | D:4      | Reached XP level 5. HP: 50/53 MP: 4/7
  2825 | D:4      | Noticed an ogre
  2845 | D:4      | Found Xym Foul's Lightly-Used Armoury.
  2973 | D:4      | Killed an ogre
  3047 | D:4      | Learned a level 3 spell: Call Canine Familiar
  3228 | D:4      | Reached XP level 6. HP: 48/61 MP: 7/10
  3563 | D:4      | Reached skill level 1 in Air Magic
  3902 | D:4      | Reached XP level 7. HP: 54/67 MP: 1/12
  4096 | D:5      | Entered Level 5 of the Dungeon
  4140 | D:5      | Learned a level 4 spell: Summon Blazeheart Golem
  4296 | D:5      | Found a burning altar of Makhleb.
  4523 | D:5      | Reached skill level 1 in Fire Magic
  4648 | D:5      | Reached skill level 5 in Summonings
  4726 | D:5      | Reached XP level 8. HP: 75/75 MP: 3/15
  4883 | D:5      | Found a staircase to the Ecumenical Temple.
  4892 | Temple   | Entered the Ecumenical Temple
  4897 | Temple   | Became a worshipper of Nemelex Xobeh the Trickster
  4923 | D:5      | Reached skill level 5 in Spellcasting
  5836 | D:6      | Found Myhalioph's Magic Scroll Emporium.
  5842 | D:6      | Bought a scroll of butterflies for 44 gold pieces
  5842 | D:6      | Bought a scroll of revelation for 82 gold pieces
  5875 | D:6      | Found Cucaaphe's Magic Scroll Shop.
  5886 | D:6      | Bought a scroll of teleportation for 45 gold pieces
  6014 | D:6      | Found a broken altar of Ashenzari.
  6131 | D:6      | Reached * piety under Nemelex Xobeh
  6138 | D:6      | Noticed Sigmund
  6253 | D:6      | Reached XP level 9. HP: 71/81 MP: 3/16
  6255 | D:6      | Killed Sigmund
  6598 | D:6      | Reached skill level 5 in Fire Magic
  6656 | D:6      | Found an opulent altar of Gozag.
  6656 | D:6      | Found an ancient bone altar of Kikubaaqudgha.
  6725 | D:6      | Found a basalt altar of Yredelemnul.
  6745 | D:6      | Received a gift from Nemelex Xobeh
  7432 | D:7      | Learned a level 4 spell: Martyr's Knell
  7874 | D:7      | Reached skill level 4 in Fighting
  7982 | D:7      | Noticed Duvessa
  7983 | D:7      | Noticed Dowan
  8037 | D:7      | Killed Dowan
  8039 | D:7      | Killed Duvessa
  8040 | D:7      | Reached skill level 5 in Fighting
  8149 | D:7      | Found a shadowy altar of Dithmenos.
  8203 | D:7      | Reached skill level 5 in Invocations
  8404 | D:7      | Reached XP level 10. HP: 82/93 MP: 9/17
  8502 | D:7      | Reached skill level 1 in Necromancy
  8686 | D:7      | Found a hazy altar of Hepliaklqana.
  9399 | D:8      | Noticed a cyclops
  9399 | D:8      | Reached ** piety under Nemelex Xobeh
  9416 | D:8      | Killed a cyclops
  9637 | D:8      | Received a gift from Nemelex Xobeh
 10193 | D:8      | Found Midof's Book Emporium.
 10454 | D:8      | Found a glowing silver altar of Zin.
 10949 | D:9      | Reached skill level 10 in Summonings
 10953 | D:9      | Reached XP level 11. HP: 96/102 MP: 2/18
 11142 | D:9      | Reached *** piety under Nemelex Xobeh
 11142 | D:9      | Received a gift from Nemelex Xobeh
 11162 | D:9      | Noticed Joseph
 11425 | D:9      | Killed Joseph
 11992 | D:9      | Found a sacrificial altar of Ru.
 12175 | D:9      | Found a snail-covered altar of Cheibriados.
 12205 | D:9      | Found a radiant altar of Vehumet.
 12301 | D:9      | Found a shimmering blue altar of Sif Muna.
 12307 | D:9      | Found a bloodstained altar of Trog.
 12353 | D:10     | Entered Level 10 of the Dungeon
 12615 | D:10     | Found a staircase to the Lair.
 12781 | D:10     | Noticed a two-headed ogre
 12947 | D:10     | a two-headed ogre changed into a swamp dragon
 12947 | D:10     | Noticed a swamp dragon
 12948 | D:10     | Killed a swamp dragon
 12949 | D:10     | Reached skill level 5 in Necromancy
 13011 | D:10     | Found a staircase to the Orcish Mines.
 13196 | D:10     | Received a gift from Nemelex Xobeh
 13327 | D:10     | Found an iron altar of Okawaru.
 13517 | D:11     | Noticed a cyan ugly thing
 13527 | D:11     | Killed a cyan ugly thing
 13665 | D:11     | Noticed a manticore
 13677 | D:11     | Killed a manticore
 14030 | D:11     | Reached **** piety under Nemelex Xobeh
 14154 | D:11     | Found a runed translucent gate.
 14154 | D:11     | Found a runed translucent gate.
 14154 | D:11     | Found a runed translucent gate.
 14155 | D:11     | Noticed AutarchDCSS's ghost (journeyman GrCj)
 14530 | D:11     | Received a gift from Nemelex Xobeh
 14846 | D:12     | Noticed a boulder beetle
 14871 | D:12     | Killed a boulder beetle
 14992 | D:12     | Noticed a green ugly thing
 15005 | D:12     | Killed a green ugly thing
 15042 | D:12     | Reached XP level 12. HP: 111/111 MP: 15/23
 15815 | D:12     | Noticed Fannar
 15843 | D:12     | Killed Fannar
 16098 | D:12     | Noticed a two-headed ogre
 16114 | D:12     | Killed a two-headed ogre
 16306 | D:12     | Noticed a two-headed ogre
 16316 | D:12     | Killed a two-headed ogre
 17303 | Lair:1   | Entered Level 1 of the Lair of Beasts
 17331 | Lair:1   | Reached skill level 10 in Spellcasting
 17608 | Lair:1   | Reached skill level 6 in Fighting
 17748 | Lair:1   | Learned a level 5 spell: Borgnjor's Vile Clutch
 17780 | Lair:1   | Found a frozen archway.
 17794 | IceCv    | Entered an ice cave
 18045 | IceCv    | Reached skill level 1 in Stealth
 18045 | IceCv    | Reached skill level 1 in Earth Magic
 18251 | IceCv    | Reached XP level 13. HP: 123/123 MP: 20/27
 18381 | IceCv    | Identified the +1 ice dragon scales "Koloi" {rF- rC++
                  | rCorr}
 18440 | IceCv    | Reached skill level 7 in Fighting
 18624 | IceCv    | Identified the +0 leather armour of Ucoajiew {Will+}
 18931 | IceCv    | Reached skill level 8 in Fighting
 20249 | IceCv    | Identified the amulet "Ygerghag" {Reflect rF+ Dex+2 SH+5}
 20338 | Lair:1   | Reached skill level 9 in Fighting
 20640 | Lair:1   | Received a gift from Nemelex Xobeh
 21022 | Lair:1   | Noticed a dire elephant
 21043 | Lair:1   | Found a runed translucent door.
 21082 | Lair:1   | Reached ***** piety under Nemelex Xobeh
 21114 | Lair:1   | Received a gift from Nemelex Xobeh
 21548 | Lair:2   | Reached skill level 5 in Earth Magic
 21713 | Lair:2   | Reached skill level 10 in Fighting
 21812 | Lair:2   | Reached XP level 14. HP: 109/143 MP: 6/28
 22051 | Lair:2   | Received a gift from Nemelex Xobeh
 22101 | Lair:2   | Found a hole to the Spider Nest.
 22454 | Lair:2   | Received a gift from Nemelex Xobeh
 23225 | Lair:3   | Found a staircase to the Shoals.
 23600 | Lair:3   | Found a runed translucent gate.
 23600 | Lair:3   | Found a runed translucent gate.
 23600 | Lair:3   | Found a runed translucent gate.
 23605 | Lair:3   | Received a gift from Nemelex Xobeh
 23633 | Lair:3   | Noticed Tacw's ghost (journeyman MeSh)
 24099 | Lair:3   | Reached skill level 15 in Summonings
 24953 | D:8      | Bought a book of the Wilderness for 418 gold pieces
 24960 | D:8      | Learned a level 6 spell: Summon Cactus Giant
 24966 | D:8      | Learned a level 5 spell: Summon Mana Viper
 25444 | Lair:4   | Found a staircase to the Slime Pits.
 25741 | Lair:4   | Received a gift from Nemelex Xobeh
 25825 | Lair:4   | You fall into a shaft and drop 1 floor!
 25825 | Lair:5   | Entered Level 5 of the Lair of Beasts
 25826 | Lair:5   | Identified the +2 long sword "Taos" {speed, *Corrode +Blink
                  | Str+4 Dex+3}
 25903 | Lair:5   | Noticed a dire elephant
 25903 | Lair:5   | Noticed a dire elephant
 25903 | Lair:5   | Noticed a dire elephant
 25982 | Lair:5   | Reached skill level 11 in Fighting
 26066 | Lair:5   | Reached skill level 10 in Invocations
 26249 | Lair:5   | Reached XP level 15. HP: 132/154 MP: 6/29
 26414 | Lair:5   | Received a gift from Nemelex Xobeh
 27629 | Lair:5   | Reached skill level 12 in Fighting
 27801 | Lair:5   | Reached skill level 1 in Evocations
 28216 | Orc:1    | Entered Level 1 of the Orcish Mines
 28289 | Orc:1    | Received a gift from Nemelex Xobeh
 28864 | Orc:1    | Received a gift from Nemelex Xobeh
 29015 | Orc:2    | Entered Level 2 of the Orcish Mines
 29886 | Orc:2    | Found a staircase to the Elven Halls.
 29943 | Orc:2    | Found Duseruv's Assorted Antiques.
 30122 | Orc:2    | Reached skill level 13 in Fighting
 30440 | Orc:2    | Found Heupuap's Assorted Antiques.
 30440 | Orc:2    | Found Kaziceh's Distillery.
 30445 | Orc:2    | Bought a phantom mirror for 1280 gold pieces
 30455 | Orc:2    | Bought a potion of heal wounds for 90 gold pieces
 30521 | Orc:2    | Received a gift from Nemelex Xobeh
 30784 | D:11     | Reached XP level 16. HP: 169/169 MP: 17/32
 30793 | D:11     | Killed AutarchDCSS's ghost
 30886 | D:13     | Identified the ring "Bats" {Fire Dex+3}
 30913 | D:13     | Received a gift from Nemelex Xobeh
 31510 | D:13     | Found Wianoi's Book Boutique.
 31967 | D:13     | Received a gift from Nemelex Xobeh
 32159 | D:14     | Found Plog's Weapon Shoppe.
 32540 | D:14     | Learned a level 5 spell: Summon Forest
 32616 | D:14     | Found a gate to the Vaults.
 32795 | D:14     | Reached skill level 1 in Translocations
 32873 | D:14     | Identified the +1 arbalest of Seru {heavy, rN+ Str+2 Int+4}
 33263 | D:14     | Reached ****** piety under Nemelex Xobeh
 33287 | D:14     | Reached skill level 14 in Fighting
 33682 | D:15     | Entered Level 15 of the Dungeon
 33852 | D:15     | Reached skill level 5 in Evocations
 34063 | D:15     | Found a hide-covered altar of Uskayaw.
 34271 | D:15     | Received a gift from Nemelex Xobeh
 34845 | D:15     | Found a staircase to the Depths.
 35191 | Shoals:1 | Entered Level 1 of the Shoals
 35252 | Shoals:1 | Received a gift from Nemelex Xobeh
 35627 | Shoals:1 | Reached skill level 1 in Shields
 35627 | Shoals:1 | Reached skill level 1 in Hexes
 35655 | Shoals:1 | You fall into a shaft and drop 1 floor!
 35669 | Shoals:2 | Identified the +1 pair of boots of the Farrier {Slay+3}
 35672 | Shoals:2 | Received a gift from Nemelex Xobeh
 35677 | Shoals:2 | Reached XP level 17. HP: 104/182 MP: 14/34
 36805 | Shoals:2 | Received a gift from Nemelex Xobeh
 37463 | Shoals:3 | Reached skill level 5 in Shields
 37610 | Shoals:3 | Got the Thoughts on Kindling and Bringing Forth
 38873 | Shoals:3 | Received a gift from Nemelex Xobeh
 40034 | D:6      | Bought a scroll of acquirement for 572 gold pieces
 40510 | Shoals:4 | Entered Level 4 of the Shoals
 40974 | Shoals:4 | Paralysed by a formless jellyfish for 1 turns
 41427 | Shoals:4 | Reached skill level 5 in Hexes
 41478 | Shoals:4 | Got a barnacled rune of Zot
 41521 | Shoals:4 | Reached XP level 18. HP: 128/191 MP: 22/35
 41782 | Shoals:4 | Reached skill level 5 in Translocations
 41899 | Shoals:4 | Got the Anthology of Creation
 42114 | Shoals:4 | Received a gift from Nemelex Xobeh
 42116 | Shoals:4 | Found Mayruoroe's Antique Armour Boutique.
 42373 | Shoals:4 | Got the Omnibus of the Non-Euclidean Winter
 42419 | Shoals:4 | Learned a level 2 spell: Blink
 42898 | Spider:1 | Entered Level 1 of the Spider Nest
 43155 | Elf:1    | Entered Level 1 of the Elven Halls
 44000 | Elf:1    | Reached skill level 15 in Fighting
 44321 | Elf:1    | Received a gift from Nemelex Xobeh
 45851 | Elf:2    | Paralysed by an air elemental for 1 turns
 46040 | Elf:2    | Found a runed translucent gate.
 46041 | Elf:2    | Found a runed translucent gate.
 46041 | Elf:2    | Found a runed translucent gate.
 46278 | Elf:3    | Entered Level 3 of the Elven Halls
 46983 | Elf:3    | Paralysed by an air elemental for 1 turns
 46987 | Elf:3    | Paralysed by an air elemental for 1 turns
 47079 | Elf:3    | Found Wiamior's Jewellery Shoppe.
 47121 | Elf:3    | Reached skill level 5 in Dodging
 47121 | Elf:3    | Reached skill level 10 in Shields
 47994 | Elf:3    | Reached XP level 19. HP: 204/204 MP: 22/36
 48043 | Elf:3    | Reached skill level 16 in Fighting
 48336 | Elf:3    | Received a gift from Nemelex Xobeh
 50654 | Elf:3    | Identified the +10 whip of Jeokuson {elec, Dex+5}
 51488 | Elf:3    | Identified the ring "Pemaic" {rN+ Str+6 Slay-2 Stlth+}
 52181 | Elf:3    | Identified the staff of True Grit {rPois MP+9 Int+4
                  | Alchemy}
 52446 | Elf:3    | Acquired 571 gold pieces
 52460 | Elf:3    | Identified the +1 cloak of Gehenna {-Cast rPois rF++ rN+}
 52462 | Elf:3    | Identified the staff of a treasure trove {rPois rN+ Conj
                  | Tloc Earth}
 52492 | Elf:3    | Found the +7 hand cannon "Mule" {flame, backblast, rF+}
 52526 | Elf:3    | Reached skill level 17 in Fighting
 52812 | Orc:2    | Bought a potion of invisibility for 144 gold pieces
 52812 | Orc:2    | Bought a potion of enlightenment for 90 gold pieces
 52821 | Orc:2    | Learned a level 7 spell: Summon Hydra
 55082 | Spider:1 | Received a gift from Nemelex Xobeh
 55537 | Spider:2 | Received a gift from Nemelex Xobeh
 56372 | Spider:2 | Reached skill level 1 in Armour
 57543 | Vaults:1 | Entered Level 1 of the Vaults
 57625 | Vaults:1 | Reached XP level 20. HP: 155/221 MP: 22/38
 57779 | Vaults:1 | Found a large runed translucent door.
 57779 | Vaults:1 | Noticed cforsyth's ghost (adept DjWr)
 57779 | Vaults:1 | Noticed drugrobin's ghost (adept DgDe)
 57780 | Vaults:1 | Found a large runed translucent door.
 57846 | Vaults:1 | Received a gift from Nemelex Xobeh
 59271 | Lair:3   | Killed Tacw's ghost
 59716 | Vaults:1 | Received a gift from Nemelex Xobeh
 60419 | Vaults:1 | Reached skill level 18 in Fighting
 61824 | Vaults:2 | Received a gift from Nemelex Xobeh
 62307 | Vaults:2 | Received a gift from Nemelex Xobeh
 62919 | Vaults:2 | Received a gift from Nemelex Xobeh
 63496 | Vaults:2 | Found Axkomiha's Book Shop.
 63765 | Vaults:2 | Found Fithrei's Armour Shop.
 64055 | Vaults:3 | Reached skill level 5 in Armour
 64055 | Vaults:3 | Reached XP level 21. HP: 213/232 MP: 25/39
 64055 | Vaults:3 | Noticed Asterion
 64059 | Vaults:3 | Reached skill level 19 in Fighting
 64062 | Vaults:3 | Killed Asterion
 64312 | Vaults:3 | Received a gift from Nemelex Xobeh
 64358 | Vaults:3 | Found a flickering gateway to a bazaar.
 64374 | Bazaar   | Entered a bazaar
 64374 | Bazaar   | Found Fufrerch's Antique Weapon Shoppe.
 64374 | Bazaar   | Found Ruohotr Buyx's Armour Shoppe.
 64374 | Bazaar   | Found Nadosm's Magic Scroll Emporium.
 64485 | Bazaar   | Bought a scroll of blinking for 75 gold pieces
 64491 | Bazaar   | Bought the -2 hat of the Alchemist {rElec rPois rF+ rC+ rN+
                  | Will+ rMut rCorr} for 613 gold pieces
 64491 | Bazaar   | Found the -2 hat of the Alchemist {rElec rPois rF+ rC+ rN+
                  | Will+ rMut rCorr}
 64550 | Vaults:3 | Received a gift from Nemelex Xobeh
 64720 | Vaults:3 | Found a large runed translucent door.
 64720 | Vaults:3 | Found a large runed translucent door.
 64720 | Vaults:3 | Found a large runed translucent door.
 64720 | Vaults:3 | Found a large runed translucent door.
 64720 | Vaults:3 | Found a large runed translucent door.
 64720 | Vaults:3 | Found a large runed translucent door.
 64720 | Vaults:3 | Noticed Qeunemit's ghost (adept GrFi)
 64721 | Vaults:3 | Found a large runed translucent door.
 64721 | Vaults:3 | Found a large runed translucent door.
 64929 | Vaults:3 | Found a staircase to the Crypt.
 65205 | Vaults:4 | Received a gift from Nemelex Xobeh
 65307 | Vaults:4 | Noticed Boris
 65383 | Vaults:4 | Received a gift from Nemelex Xobeh
 65447 | Vaults:4 | Killed Boris
 65500 | Vaults:4 | Found a magical portal.
 65512 | WizLab   | Entered Zonguldrok's Shrine
 66459 | WizLab   | Received a gift from Nemelex Xobeh
 66674 | WizLab   | Noticed an antique champion
 66674 | WizLab   | Noticed an antique champion
 66695 | WizLab   | Killed an antique champion
 66961 | WizLab   | Killed an antique champion
 67118 | WizLab   | Identified the +0 crystal plate armour "Inokiph" {Str+4
                  | Int+3 Dex+3}
 67142 | WizLab   | Identified the +1 tower shield "Bolo Siawk" {Int+4}
 68241 | Vaults:4 | Received a gift from Nemelex Xobeh
 68625 | Vaults:2 | Learned a level 7 spell: Haunt
 69196 | Vaults:3 | Received a gift from Nemelex Xobeh
 69463 | Vaults:3 | Reached XP level 22. HP: 244/244 MP: 37/40
 69592 | Vaults:3 | Killed Qeunemit's ghost
 69672 | Vaults:3 | Identified the +0 helmet of Dithmenos's Respect {Fly rElec
                  | rCorr Dex+2}
 70298 | Vaults:4 | Reached skill level 20 in Fighting
 70352 | Vaults:4 | Identified the amulet "Zuplesoiwk" {Faith rF+ Str-3 Dex+2
                  | Slay+3}
 71306 | Slime:1  | Entered Level 1 of the Pits of Slime
 71483 | Slime:2  | Received a gift from Nemelex Xobeh
 71502 | Slime:2  | Reached skill level 1 in Shapeshifting
 71947 | Slime:2  | Reached skill level 10 in Necromancy
 72182 | Slime:2  | Learned a level 6 spell: Death Channel
 72449 | Slime:4  | Received a gift from Nemelex Xobeh
 72685 | Slime:5  | Entered Level 5 of the Pits of Slime
 73781 | Slime:5  | Received a gift from Nemelex Xobeh
 74439 | Slime:5  | Noticed the Royal Jelly
 74444 | Slime:5  | Identified the +1 trident "Nanut" {antimagic, rElec Str+2}
 74449 | Slime:5  | Killed the Royal Jelly
 74655 | Slime:5  | Found the +3 giant club "Skullcrusher" {speed, Str+7}
 74676 | Slime:5  | Acquired the +1 hat of Indecent Exposure {+Blink rC+ rN+
                  | Dex+5}
 74683 | Slime:5  | Got a slimy rune of Zot
 74692 | Slime:5  | Identified the +4 hand axe of the Salmon {flame, rCorr}
 74723 | Slime:5  | Identified the +0 falchion of Ilohic {holy, rC- Str-5
                  | Dex+8}
 74746 | Slime:5  | Identified the +1 sling "Grum" {freeze, rElec rCorr Str+5
                  | Int-2}
 74762 | Slime:5  | Identified the +5 long sword of Ethymp {flame, +Blink rN+}
 74765 | Slime:5  | Got the Omnibus of Bringing Forth
 74770 | Slime:5  | Identified the +5 shortbow of the Enormous God {flame,
                  | +Blink rF- Will++}
 74772 | Slime:5  | Identified the +6 battleaxe of the Morning {drain, rPois
                  | rC+ Stlth+}
 74775 | Slime:5  | Identified the +4 spear "Huzy" {chaos, rF++ Int+3 SInv}
 74778 | Slime:5  | Identified the staff of Jeitiho {rC+ SInv Ice}
 75389 | Depths:1 | Entered Level 1 of the Depths
 75500 | Depths:1 | Reached skill level 5 in Shapeshifting
 75601 | Depths:1 | Found a gateway to Hell.
 76202 | D:6      | Acquired 283 gold pieces
 76388 | Orc:2    | Bought a potion of haste for 180 gold pieces
 76388 | Orc:2    | Bought a potion of curing for 54 gold pieces
 76388 | Orc:2    | Bought a potion of heal wounds for 90 gold pieces
 76388 | Orc:2    | Bought a potion of heal wounds for 90 gold pieces
 76388 | Orc:2    | Bought a potion of heal wounds for 90 gold pieces
 76572 | D:6      | Bought a scroll of fog for 44 gold pieces
 76572 | D:6      | Bought a scroll of blinking for 82 gold pieces
 76572 | D:6      | Bought a scroll of blinking for 82 gold pieces
 77443 | Depths:1 | Reached XP level 23. HP: 194/254 MP: 33/41
 77617 | Depths:1 | Received a gift from Nemelex Xobeh
 78127 | Depths:2 | Found a one-way gateway to a ziggurat.
 78184 | Depths:2 | Identified the ring of Foethuech {Ice rPois Int+3 Dex+4}
 78184 | Depths:2 | Noticed Josephina
 78203 | Depths:2 | Killed Josephina
 78305 | Depths:2 | Found Onuok's Armour Emporium.
 78334 | Depths:2 | Noticed Boris
 78346 | Depths:2 | Killed Boris
 78437 | Depths:2 | Received a gift from Nemelex Xobeh
 78738 | Depths:2 | Found Alyty's Antique Armour Boutique.
 78743 | Depths:2 | Found Xeumied's Assorted Antiques.
 78743 | Depths:2 | Found Plog's Weapon Boutique.
 78748 | Depths:2 | Found Obraros's Jewellery Shop.
 80279 | Depths:3 | Received a gift from Nemelex Xobeh
 80411 | Depths:3 | Identified the +4 demon trident of Unyuc {pain, ^Contam
                  | rC+++ Dex+3 Stlth+}
 80922 | Depths:3 | Found a one-way gate to the infinite horrors of the Abyss.
 80927 | Depths:3 | Reached skill level 10 in Shapeshifting
 81201 | Depths:3 | Found an iron altar of Okawaru.
 81366 | Depths:3 | Received a gift from Nemelex Xobeh
 81483 | Depths:4 | Entered Level 4 of the Depths
 82692 | Depths:4 | Received a gift from Nemelex Xobeh
 83448 | Spider:3 | Received a gift from Nemelex Xobeh
 83582 | Spider:4 | Entered Level 4 of the Spider Nest
 83689 | Spider:4 | Noticed Arachne
 83692 | Spider:4 | Arachne changed into Arachne the five-headed hydra
 83692 | Spider:4 | Noticed Arachne
 83697 | Spider:4 | Killed Arachne the five-headed hydra
 84360 | Spider:4 | Reached XP level 24. HP: 243/265 MP: 41/41
 85452 | Spider:4 | Received a gift from Nemelex Xobeh
 85511 | Spider:4 | Got a gossamer rune of Zot
 86827 | Depths:4 | Found a gate to the Realm of Zot.
 86834 | Zot:1    | Entered Level 1 of the Realm of Zot
 87076 | Zot:1    | Identified the +5 demon trident of Valour {flame, rPois
                  | rF++ MP-9}
 87590 | Zot:1    | Reached skill level 15 in Shapeshifting
 89308 | Zot:1    | Learned a level 7 spell: Malign Gateway
 89315 | Zot:2    | Received a gift from Nemelex Xobeh
 90830 | Zot:2    | Received a gift from Nemelex Xobeh
 91096 | Zot:2    | Reached XP level 25. HP: 275/275 MP: 25/41
 91677 | Zot:2    | Reached skill level 15 in Shields
 92586 | Zot:3    | Reached skill level 10 in Dodging
 92738 | Zot:3    | Received a gift from Nemelex Xobeh
 93221 | Zot:4    | Found the +4 dragonskin cloak
 93221 | Zot:4    | Noticed Tiamat
 93246 | Zot:4    | Tiamat changed into Tiamat the iron dragon
 93246 | Zot:4    | Noticed Tiamat
 93246 | Zot:4    | Killed Tiamat the iron dragon
 93247 | Zot:4    | Reached skill level 21 in Fighting
 94174 | Zot:4    | Received a gift from Nemelex Xobeh
 94492 | Zot:5    | Entered Level 5 of the Realm of Zot
 95016 | Zot:5    | Received a gift from Nemelex Xobeh
 96600 | Zot:5    | Noticed an orb of fire
 96603 | Zot:5    | Identified the +1 long sword of the Fool {venom, rPois rN++
                  | Int-2 Stlth+}
 96612 | Zot:5    | Killed an orb of fire
 96620 | Zot:5    | Noticed a Killer Klown
 96629 | Zot:5    | Killed a Killer Klown
 96814 | Zot:5    | Noticed an orb of fire
 96824 | Zot:5    | Killed an orb of fire
 96825 | Zot:5    | Noticed a Killer Klown
 96964 | Zot:5    | Killed a Killer Klown
 97318 | Zot:5    | Noticed a Killer Klown
 97323 | Zot:5    | Killed a Killer Klown
 97347 | Zot:5    | Noticed a Killer Klown
 97354 | Zot:5    | Killed a Killer Klown
 97720 | Zot:5    | Noticed an ancient lich
 97726 | Zot:5    | Killed an ancient lich
 98025 | Zot:5    | Learned a level 8 spell: Summon Horrible Things
 98145 | Zot:5    | Noticed a Killer Klown
 98323 | Zot:5    | Noticed a dread lich
 98331 | Zot:5    | Killed a dread lich
 98332 | Zot:5    | Reached XP level 26. HP: 291/291 MP: 25/41
 98406 | Zot:5    | Killed a Killer Klown
 98407 | Zot:5    | Reached skill level 22 in Fighting
 98505 | Zot:5    | Noticed a dread lich
 98525 | Zot:5    | Killed a dread lich
 99066 | Zot:5    | Noticed a Killer Klown
 99073 | Zot:5    | Killed a Killer Klown
 99130 | Zot:5    | Noticed an orb of fire
 99139 | Zot:5    | Killed an orb of fire
 99297 | Zot:5    | Noticed a Killer Klown
 99311 | Zot:5    | Killed a Killer Klown
 99313 | Zot:5    | Noticed an orb of fire
 99316 | Zot:5    | Gained mutation: Armour fits poorly on your strangely
                  | shaped body. [an orb of fire]
 99317 | Zot:5    | Gained mutation: You are frail. (-10% HP) [an orb of fire]
 99330 | Zot:5    | Noticed a Killer Klown
 99332 | Zot:5    | Killed an orb of fire
 99341 | Zot:5    | Reached skill level 23 in Fighting
 99358 | Zot:5    | Killed a Killer Klown
 99564 | Zot:5    | Got the Orb of Zot
 99676 | Zot:2    | Noticed Mexzu the pandemonium lord
 99737 | Zot:1    | Noticed Guuck the pandemonium lord
100026 | D:14     | Reached skill level 24 in Fighting
100329 | D:$      | Escaped with the Orb!

Illustrated notes

Levels and vault maps discovered:
D:1:      elethiomel_arrival_maze, layout_loops_ring
D:2:      layout_rooms, nrook_uturn, corner_web_ring, chequers_decorated_corner
D:3:      layout_basic, mainiacjoe_overflow_tiny_flanked,
          mainiacjoe_overflow_24_doors, minmay_between
D:4:      layout_loops_ring, serial_glass, glass_columns_a, glass_columns_b,
          glass_columns_a, glass_columns_a, glass_columns_a, glass_columns_a,
          glass_columns_c, glass_columns_a, glass_columns_a, glass_columns_c,
          glass_columns_a, glass_columns_b, glass_columns_b, glass_columns_b,
          minmay_shop_damaged
D:5:      layout_gridville, mainiacjoe_overflow_cross_hatched,
          minmay_temple_entry_hall, glass_columns_b
D:6:      layout_loops_corners, ashenzari_conservatory_becter,
          chequers_temple_overflow_statue_of_worship, serial_shops,
          nicolae_lakefront_shop, nicolae_shop_hallway_plus,
          minmay_manual_mares, uniq_sigmund
D:7:      layout_cave_pods, lemuel_tele_altar, pf_just_have_faith, uniq_duvessa
D:8:      layout_basic, zin_statuary, serial_shops, kennysheep_mini_moat,
          minmay_diced_spiral
D:9:      layout_cave_pools, hellmonk_overflow_destroyed_library,
          vehumet_statue, mainiacjoe_overflow_surrounded_room,
          general_overflow_altar, uniq_joseph
D:10:     layout_cave_pools, lemuel_coloured_pillars_altar, david_lair_generic,
          orc_0_dummy
D:11:     layout_irregular_city, gammafunk_ghost_necromancy
D:12:     layout_roguey, hangedman_corner_corridor, uniq_fannar
D:13:     layout_stronghold, serial_shops, nicolae_shop_tiny_real_fake_doors
D:14:     layout_basic, erik_vaults_1, serial_shops, nicolae_shop_mannequins,
          hangedman_abyss_or_decor_clamps
D:15:     grunt_enter_depths_snipers, layout_cave_pools,
          nicolae_uskayaw_murder_on_the_dancefloor, minmay_fire_ice_demons
Temple:   hellmonk_temple_micro_hex
Lair:1:   gammafunk_lair_enchanted_lake, layout_regular_city,
          portal_ice_cave_entry_imps, minivault_25
Lair:2:   layout_layer_cave, spider_nest_entry_funnel_web,
          infiniplex_staircase_pool_2
Lair:3:   layout_cave_pods, nicolae_shoals_entry_roost, gammafunk_ghost_icy,
          grunt_megastairs_1
Lair:4:   layout_hall_layers, slime_entry_1, infiniplex_staircase_pool
Lair:5:   due_jungle_book, layout_gridlike, evilmike_ambush
          [evilmike_ambush_outer_corners, evilmike_ambush_inner_basic]
Shoals:1: layout_shoals, ldierk_geyser
Shoals:2: layout_shoals, nicolae_shoals_former_cling_halls
Shoals:3: layout_shoals, nicolae_shoals_pincushion_passage
Shoals:4: shoals_end_simple, layout_shoals, serial_shops,
          nicolae_shop_statue_plus, nicolae_shoals_lost_giant_amphitheater
Spider:1: layout_spider_delve, nicolae_spider_wall_of_niches
Spider:2: layout_spider_delve
Spider:3: layout_spider_delve
Spider:4: johnstein_spider_rune_arachne_lair, spiders_nest_hornet_nest
Slime:1:  layout_caves, nicolae_slime_ancient_tower_intersection
Slime:2:  layout_caves
Slime:3:  layout_caves, nicolae_slime_rock_hall_of_fame
Slime:4:  layout_caves, uniq_dissolution
Slime:5:  slime_pit
Orc:1:    layout_diamond_mine, mines4_lemuel
Orc:2:    st_orc_town, layout_caves
Elf:1:    eino_elf_arrival_sip, layout_rooms, nicolae_elf_shapeshifter_party,
          grunt_ministairs_12
Elf:2:    nicolae_elf_blades_crystal_corner, layout_gridlike
Elf:3:    minmay_elf_hall_x, layout_loops_corners, serial_shops,
          nicolae_shop_waterfront
Vaults:1: advil_vaults_ghost_guards, vaults_mumra_chevron_long,
          ontoclasm_vaults_claustrophobia, vaults_room_fours,
          dpeg_vaults_monster_row, grunt_vaults_funnel,
          nicolae_vaults_more_shelving_2, hangedman_vaults_capsules,
          vaults_mumra_lcd, ontoclasm_vaults_eye,
          ontoclasm_vaults_loading_screen, nicolae_vaults_storage_room_water,
          nicolae_vaults_diagonal_hallway_8, nicolae_vaults_double_plus_2,
          nicolae_vaults_diamond_1, layout_vaults_omnicross
Vaults:2: v_misc_1, nicolae_vaults_arrows, v_alt_pattern_1,
          grunt_vaults_trifunnel, dpeg_vaults_monster_box, v_misc_22,
          nicolae_vaults_two_Ls, nicolae_vaults_diamond_1,
          serial_library_hellmonk_semicircle, vaults_dpeg_ring,
          layout_vaults_chaotic_city, serial_shops, shop, serial_glass
Vaults:3: advil_vaults_ghost_lines, nicolae_vaults_trapezoid_lopsided_4,
          vaults_mumra_hex, v_misc_24, grunt_vaults_twisty,
          ontoclasm_vaults_pinch, minmay_crypt_entry_vampire_xt,
          nicolae_vaults_circle_grid_a, v_misc_28, hangedman_vaults_river_flow,
          layout_vaults_maze_bifur, serial_shops, bzr_entry_water, uniq_asterion
Vaults:4: mu_enter_wizlab_3, vaults_room_large_hall,
          nicolae_vaults_steering_wheel, nicolae_vaults_mini_display_case,
          nicolae_vaults_cornered_office, nicolae_vaults_trapezoid_4,
          nicolae_vaults_closet_pinwheel_4, nicolae_vaults_sesquioval_fish,
          layout_vaults_omnigrid, uniq_boris
Depths:1: layout_long_grid, grunt_mini_vestibule, kennysheep_big_empty_room,
          kennysheep_minor_cross, grunt_decor_resistance
Depths:2: constructs_gauntlet_mu_hangedman, layout_cave_pools, enter_ziggurat_a,
          kennysheep_crisscross, hell_entry, pan_entry, serial_shops,
          nicolae_shop_hallway_stairs, infiniplex_staircase_pillars_2,
          minmay_shoptagon, uniq_josephina, uniq_bai_suzhen
Depths:3: kennysheep_green_arena, layout_gridlike, nicolae_tricolors,
          abyss_entry_glasseish, hell_entry, okawaru_trees_1
Depths:4: evilmike_zot_entry_gauntlet, layout_gridlike, abyss_entry_crystal,
          minmay_misc_feat_ornament, hell_entry, serial_bayou_shore_b
Zot:1:    layout_basic, regret_index_zotdec_glowing_original
Zot:2:    lemuel_acid_trip, layout_cathedral_of_symmetry
Zot:3:    layout_misc_corridors
Zot:4:    layout_gridlike, regret_index_zotdec_zees, uniq_tiamat
Zot:5:    layout_basic, skrybe_zot_glass_1

Skill      XL: |  1  2  3  4  5  6  7  8  9 10 11 12 13 14 15 16 17 18 19 20 21 22 23 24 25 26 |
---------------+-------------------------------------------------------------------------------+-----
Summonings     | 2 3 4 5 7 9 10 11 12 14 15 16 17 19 20 | 20.0
Fighting       | 3 5 6 10 11 13 14 15 17 18 19 20 21 24 | 24.5
Short Blades   | 2 |  2.2
Spellcasting   | 3 4 5 7 10 12 13 14 | 14.5
Air Magic      | 2 3 4 |  4.0
Fire Magic     | 2 3 6 8 |  8.0
Invocations    | 5 6 7 10 11 12 13 14 | 14.0
Necromancy     | 4 6 7 8 9 11 12 | 12.4
Stealth        | 1 3 |  3.0
Earth Magic    | 1 5 6 |  6.0
Evocations     | 3 5 |  5.5
Translocations | 3 4 5 6 9 |  9.0
Shields        | 1 8 10 11 12 13 14 15 16 | 16.0
Hexes          | 1 5 |  5.0
Dodging        | 5 7 9 10 | 10.4
Armour         | 1 5 6 |  6.4
Shapeshifting  | 6 13 16 | 16.0
Throwing       | |  1.0

Action                     |  1- 3 |  4- 6 |  7- 9 | 10-12 | 13-15 | 16-18 | 19-21 | 22-24 | 25-27 || total
---------------------------+-------+-------+-------+-------+-------+-------+-------+-------+-------++-------
  Melee: Dagger            |    89 |   128 |    50 |       |       |       |       |       |       ||   267
         Club              |     2 |       |       |       |       |       |       |       |       ||     2
         Headbutt          |    10 |    24 |    21 |    22 |    39 |    19 |    28 |    25 |    28 ||   216
         Punch             |     3 |     2 |     8 |    14 |    21 |     4 |       |       |       ||    52
         Short sword       |       |       |    37 |   114 |   143 |       |       |       |       ||   294
         Spear             |       |       |       |       |    26 |    43 |       |       |       ||    69
         Demon trident     |       |       |       |       |       |    21 |       |       |    10 ||    31
         Staff             |       |       |       |       |       |       |    61 |    56 |    44 ||   161
  Throw: Dart              |       |       |       |       |       |       |     2 |     1 |       ||     3
         Throwing net      |       |       |       |       |       |       |       |       |     3 ||     3
   Cast: Summon Small Mamm |    18 |    20 |       |     2 |       |       |       |       |       ||    40
         Summon Lightning  |       |     2 |    16 |    56 |   100 |    11 |       |       |       ||   185
         Call Canine Famil |       |    13 |    47 |    56 |    35 |     3 |       |       |       ||   154
         Summon Blazeheart |       |       |    17 |    76 |    60 |       |       |       |       ||   153
         Martyr's Knell    |       |       |     5 |    37 |    83 |   100 |    22 |     1 |       ||   248
         Borgnjor's Vile C |       |       |       |       |     5 |     6 |       |     3 |    16 ||    30
         Summon Cactus Gia |       |       |       |       |    66 |   169 |   100 |    61 |     6 ||   402
         Summon Mana Viper |       |       |       |       |    60 |   155 |   114 |    64 |    10 ||   403
         Summon Forest     |       |       |       |       |       |    93 |    53 |    32 |     6 ||   184
         Summon Hydra      |       |       |       |       |       |       |   310 |   459 |   189 ||   958
         Blink             |       |       |       |       |       |       |     1 |       |     2 ||     3
         Death Channel     |       |       |       |       |       |       |       |    48 |     9 ||    57
         Haunt             |       |       |       |       |       |       |       |    29 |    70 ||    99
         Malign Gateway    |       |       |       |       |       |       |       |     3 |     8 ||    11
         Summon Horrible T |       |       |       |       |       |       |       |       |     1 ||     1
 Invoke: Draw Destruction  |       |       |       |     3 |     1 |    23 |    35 |    27 |    10 ||    99
         Stack Five        |       |       |       |       |     1 |       |     1 |       |     1 ||     3
         Deal Four         |       |       |       |       |     1 |       |       |     1 |     3 ||     5
         Draw Summoning    |       |       |       |       |       |     1 |     8 |     4 |     2 ||    15
         Draw Escape       |       |       |       |       |       |     1 |       |     1 |     1 ||     3
         Draw Stack        |       |       |       |       |       |       |     2 |       |       ||     2
  Evoke: Tin of tremorston |       |       |       |       |     1 |       |     1 |     2 |       ||     4
         Wand              |       |       |       |       |       |     8 |    13 |    11 |    16 ||    48
         Phantom mirror    |       |       |       |       |       |       |     1 |       |     1 ||     2
         Box of beasts     |       |       |       |       |       |       |       |     1 |     1 ||     2
    Use: Scroll            |     1 |     4 |     1 |     5 |     2 |     9 |    13 |     6 |     7 ||    48
         Potion            |     1 |       |       |     1 |       |     1 |    12 |     1 |    10 ||    26
   Stab: Sleeping          |       |     2 |       |     1 |       |       |       |       |       ||     3
         Distracted        |       |       |       |       |     2 |     2 |     1 |     2 |     1 ||     8
         Petrified         |       |       |       |       |       |       |       |       |     1 ||     1
 Armour: Robe              |    44 |    75 |    93 |   121 |       |       |       |       |       ||   333
         Acid dragon scale |       |       |       |    91 |   209 |   428 |   533 |   252 |       ||  1513
         Ice dragon scales |       |       |       |       |   189 |       |       |       |       ||   189
         Skin              |       |       |       |       |       |       |       |   274 |   544 ||   818
  Dodge: Dodged            |    41 |    47 |    66 |    92 |   146 |   120 |   187 |   137 |   178 ||  1014
  Block: Kite shield       |       |       |       |       |       |   116 |   244 |       |       ||   360
         Tower shield      |       |       |       |       |       |       |    24 |   434 |   407 ||   865
   Form: Statue            |       |       |       |       |       |       |       |     3 |       ||     3
                           |       |       |       |       |       |       |       |     2 |       ||     2

Table legend: (Time is in decaauts)
 A = Elapsed time spent in this place.
 B = Non-inter-level travel time spent in this place.
 C = Inter-level travel time spent in this place.
 D = Time resting spent in this place.
 E = Time spent auto-exploring this place.
 F = Levels seen in this place.
 G = Mean time per level.
                   A        B        C        D        E       F      G
               +--------+--------+--------+--------+--------+-----+--------+
         Total | 108029 |  96808 |  11221 |  35839 |  42670 |  55 | 1964.2 |
       Dungeon |  25402 |  21534 |   3868 |   5732 |  11786 |  15 | 1693.5 |
        Temple |     10 |      1 |      9 |      0 |      0 |   1 |   10.0 |
          Lair |  11483 |   9188 |   2295 |   2681 |   4910 |   5 | 2296.6 |
        Shoals |   7220 |   6832 |    388 |   1856 |   3876 |   4 | 1805.0 |
   Spider Nest |   5229 |   4939 |    290 |   1528 |   2391 |   4 | 1307.2 |
    Slime Pits |   3610 |   3407 |    203 |   1863 |    781 |   5 |  722.0 |
  Orcish Mines |   3113 |   2697 |    416 |   1018 |   1160 |   2 | 1556.5 |
   Elven Halls |   9545 |   9014 |    531 |   4718 |   2608 |   3 | 3181.7 |
        Vaults |  10519 |   9219 |   1300 |   2535 |   4927 |   4 | 2629.8 |
        Depths |   8144 |   7528 |    616 |   1984 |   4131 |   4 | 2036.0 |
           Zot |  19465 |  18164 |   1301 |   9672 |   5113 |   5 | 3893.0 |
        Bazaar |    124 |    124 |      0 |      0 |    111 |   1 |  124.0 |
      Ice Cave |   2459 |   2459 |      0 |   1221 |    626 |   1 | 2459.0 |
        Wizlab |   1701 |   1701 |      0 |   1031 |    249 |   1 | 1701.0 |
               +--------+--------+--------+--------+--------+-----+--------+

Top non-repeatable levels by time:
   Zot:5: 7467 daAuts
   Elf:3: 6294 daAuts
   Zot:1: 4358 daAuts
   Zot:2: 4297 daAuts
  Lair:2: 3532 daAuts
Vaults:2: 3061 daAuts
Vaults:1: 2843 daAuts
Shoals:3: 2814 daAuts
Vaults:4: 2770 daAuts
  Lair:3: 2759 daAuts
    D:12: 2703 daAuts
Depths:4: 2648 daAuts
     D:7: 2476 daAuts
  Lair:1: 2461 daAuts
   IceCv: 2459 daAuts
